 Dungeon Crawl Stone Soup version 0.23-a0-319-gb40ba49 (webtiles) character file.

5921 protoss039 the Fighter (level 10, -20/139 HPs)
             Began as a Minotaur Fighter on Oct 14, 2018.
             Was a High Priest of Okawaru.
             Killed from afar by Erolcha (32 damage)
             ... with a crystal spear
             ... on level 9 of the Dungeon.
             The game lasted 00:16:43 (6381 turns).

protoss039 the Fighter (Minotaur Fighter)           Turns: 6381, Time: 00:16:44

Health: -20/139    AC: 25    Str: 23    XL:     10   Next: 53%
Magic:  13/13      EV:  2    Int:  5    God:    Okawaru [*****.]
Gold:   326        SH: 13    Dex: 11    Spells: 9/9 levels left

rFire    . . .     SeeInvis .   a - +0 war axe
rCold    . . .     Gourm    .   c - +0 shield
rNeg     + + +     Faith    .   (armour currently unavailable)
rPois    +         Spirit   .   (helmet currently unavailable)
rElec    .         Reflect  .   (cloak currently unavailable)
rCorr    .         Harm     .   (gloves currently unavailable)
MR       .....     NoTele   +   (boots currently unavailable)
Stlth    +++.......             (no amulet)
HPRegen  0.33/turn              (no ring)
MPRegen  0.13/turn              (no ring)

@: tree-form, heroism
A: (retaliatory headbutt)
a: Heroism, Finesse, Renounce Religion


You were on level 9 of the Dungeon.
You worshipped Okawaru.
Okawaru was extremely pleased with you.
You were near starving.
You were a tree.
You visited 2 branches of the dungeon, and saw 10 of its levels.

You collected 326 gold pieces.

Inventory:

Hand Weapons
 a - a +0 war axe (weapon)
Armour
 c - a +0 shield (worn)
 v - the +4 chain mail "Qiuwk" (melded) {Regen+ Dex+7}
   (You found it on level 5 of the Dungeon)

   It affects your dexterity (+7).
   It increases your rate of regeneration.
Jewellery
 d - an uncursed amulet of magic regeneration {unknown}
 r - a +4 ring of slaying {unknown}
 D - an uncursed amulet of faith {unknown}
Wands
 n - a wand of flame (38)
 B - a wand of disintegration (8)
 E - a wand of random effects (13)
Scrolls
 b - 5 scrolls of identify {unknown}
 j - 2 scrolls of magic mapping {unknown}
 k - a scroll of enchant armour {unknown}
 o - 3 scrolls of teleportation {unknown}
 q - 4 scrolls of immolation
 t - 2 scrolls of remove curse {unknown}
 u - 3 scrolls of enchant weapon {unknown}
 w - a scroll of fear {unknown}
 y - 3 scrolls of amnesia {unknown}
 z - a scroll of blinking {unknown}
 C - 3 scrolls of random uselessness {unknown}
Potions
 e - a potion of haste
 g - 3 potions of lignification
 h - 3 potions of cancellation {unknown}
 i - 2 potions of curing
 l - 4 potions of heal wounds {unknown}
 m - a potion of mutation {unknown}
 p - a potion of ambrosia {unknown}
 s - a potion of agility {unknown}
 x - a potion of might
Comestibles
 f - 5 rations


   Skills:
 + Level 9.9(14.9) Fighting
 + Level 9.5(14.5) Axes
 + Level 9.0(14.0) Armour
 + Level 9.1(14.1) Shields
 * Level 6.3 Invocations


You had 9 spell levels left.
You didn't know any spells.
Your spell library contained the following spells:

 Spells                   Type           Power        Failure   Level  Hunger
 Animate Skeleton         Necr           N/A          52%         1    ##.....
 Apportation              Tloc           #.....       52%         1    ##.....
 Confusing Touch          Hex            #.....       52%         1    ##.....
 Summon Small Mammal      Summ           #...         52%         1    ##.....


Dungeon Overview and Level Annotations

Branches:
Dungeon (9/15)             Temple (1/1) D:6
   Lair: D:8-11         Orc: D:9-12

Altars:
Ashenzari
Cheibriados
Dithmenos
Elyvilon
Fedhas
Gozag
Hepliaklqana
Kikubaaqudgha
Makhleb
Nemelex Xobeh
Okawaru
Qazlal
Ru
Sif Muna
Trog
Uskayaw
Vehumet
Wu Jian
Xom
Yredelemnul
Zin
The Shining One

Annotations:
D:5 1 runed door, ReniFell's ghost, novice FoFi
D:9 Erolcha; Prince Ribbit


Innate Abilities, Weirdness & Mutations

((You reflexively headbutt those who attack you in melee.))
((You have a pair of horns on your head.))


Message History

You block the yak's attack.
The black bear bites you but does no damage.
The black bear claws you but does no damage.
The black bear claws you.
* * * LOW HITPOINT WARNING * * *
You feel better. Erolcha hits you with a giant club!
* * * LOW HITPOINT WARNING * * *
The porcupine bites the fungus.
The crocodile bites the plant.
The yak gores you but does no damage. You block the black bear's attack.
The black bear claws you but does no damage.
You block the black bear's attack.
Unknown command.
Unknown command.
Unknown command.
You feel better.
Prince Ribbit blinks!
The black bear bites the plant.
The black bear claws the plant.
The black bear claws the plant but does no damage.
Erolcha casts a spell at you. The crystal spear hits you!
You die... .P..P.P.P....## P.PPP.PP.PPP..#

PP....P.P.....#
P.PPPPrP......#
.PPP..Ph......# ...#
..PP.PPtPP....#####>.#
....(.YhO..(.....##..#
#.....F♣.........##..#
#.....†....).....##..#
##########.#.######..#
#.#.# #..#
#.#.######..###
#.#............
#.############# #.. ##


You could see Erolcha, Prince Ribbit, a yak, a crocodile, 2 black bears and a
porcupine.

Vanquished Creatures
  2 two-headed ogres (D:8)
  Joseph (D:9)
  A hippogriff (D:8)
  A wraith (D:7)
  A wyvern (D:8)
  3 yaks (D:9)
  A hungry ghost (D:8)
  2 porcupines (D:9)
  An orc warrior (D:6)
  2 ice beasts
  3 sky beasts
  2 phantoms
  An eye of draining (D:6)
  A centaur (D:8)
  3 ogres
  2 big kobolds
  6 bullfrogs
  A wyvern zombie (D:5)
  Blork the orc (D:4)
  A scorpion (D:5)
  5 killer bees
  2 howler monkeys (D:9)
  5 crimson imps
  4 hounds
  8 orc wizards
  A quasit (D:7)
  An orc priest (D:4)
  An iguana (D:7)
  4 worker ants
  A hound zombie (D:7)
  A hound skeleton (D:8)
  3 worker ant zombies
  A gnoll (D:6)
  10 adders
  A shadow imp (D:7)
  2 oozes
  An adder skeleton (D:7)
  A dart slug (D:1)
  2 worms
  4 leopard geckos
  22 orcs
  A giant cockroach (D:1)
  8 goblins
  10 hobgoblins
  4 jackals
  16 kobolds
  2 quokkas
  A ball python (D:3)
  8 bats
  11 frilled lizards
  A quokka zombie (D:6)
  3 rats
  A fungus (D:9)
  A plant (D:9)
183 creatures vanquished.

Vanquished Creatures (others)
  2 fungi (D:9)
  A plant (D:9)
3 creatures vanquished.

Grand Total: 186 creatures vanquished

Notes
Turn   | Place    | Note
-------+----------+-------------------------------------------
     0 | D:1      | protoss039 the Minotaur Fighter began the quest for the
                  | Orb.
     0 | D:1      | Reached XP level 1. HP: 19/19 MP: 0/0
   318 | D:1      | Reached XP level 2. HP: 25/27 MP: 1/1
  1161 | D:2      | Reached XP level 3. HP: 34/34 MP: 2/2
  1467 | D:2      | Found an ancient bone altar of Kikubaaqudgha.
  1715 | D:3      | Reached skill level 5 in Fighting
  1715 | D:3      | Reached XP level 4. HP: 20/42 MP: 3/3
  1962 | D:3      | Reached XP level 5. HP: 48/48 MP: 4/4
  2349 | D:4      | Found a blossoming altar of Fedhas.
  2350 | D:4      | Found a shimmering altar of Xom.
  2350 | D:4      | Found a sparkling altar of Nemelex Xobeh.
  2351 | D:4      | Found a bloodstained altar of Trog.
  2354 | D:4      | Noticed a sky beast
  2363 | D:4      | Killed a sky beast
  2363 | D:4      | Reached skill level 5 in Axes
  2369 | D:4      | Found a stormy altar of Qazlal.
  2395 | D:4      | Noticed an ogre
  2408 | D:4      | Noticed a phantom
  2480 | D:4      | Killed an ogre
  2480 | D:4      | Reached XP level 6. HP: 31/57 MP: 5/5
  2527 | D:4      | Found an ornate altar of the Wu Jian Council.
  2670 | D:4      | Noticed Blork the orc
  2677 | D:4      | Killed Blork the orc
  2677 | D:4      | Reached XP level 7. HP: 47/64 MP: 6/6
  3070 | D:5      | Entered Level 5 of the Dungeon
  3076 | D:5      | Reached skill level 5 in Armour
  3076 | D:5      | Reached skill level 5 in Shields
  3189 | D:5      | Noticed ReniFell's ghost (novice FoFi)
  3191 | D:5      | Found a runed door.
  3260 | D:5      | Got a fine chain mail
  3271 | D:5      | Identified the +4 chain mail "Qiuwk" {Regen+ Dex+7} (You
                  | found it on level 5 of the Dungeon)
  3402 | D:5      | Found a deep blue altar of Sif Muna.
  3754 | D:6      | Reached XP level 8. HP: 48/73 MP: 7/7
  3780 | D:6      | Found a bloodstained altar of Trog.
  3887 | D:6      | Found a staircase to the Ecumenical Temple.
  4008 | Temple   | Entered the Ecumenical Temple
  4189 | Temple   | Became a worshipper of Warmaster Okawaru
  4600 | D:7      | Found a transporter.
  4787 | D:7      | Found a transporter.
  4815 | D:7      | Reached * piety under Okawaru
  5106 | D:8      | Reached skill level 1 in Invocations
  5126 | D:8      | Reached XP level 9. HP: 68/82 MP: 7/9
  5141 | D:8      | Noticed a two-headed ogre
  5141 | D:8      | Noticed a two-headed ogre
  5155 | D:8      | Killed a two-headed ogre
  5155 | D:8      | Reached ** piety under Okawaru
  5165 | D:8      | Killed a two-headed ogre
  5165 | D:8      | Reached *** piety under Okawaru
  5429 | D:7      | Reached XP level 10. HP: 70/91 MP: 12/12
  5475 | D:8      | Reached skill level 5 in Invocations
  5563 | D:8      | Found a white marble altar of Elyvilon.
  5640 | D:8      | Reached **** piety under Okawaru
  5872 | D:8      | Found a shadowy altar of Dithmenos.
  6049 | D:8      | Found a hide-covered altar of Uskayaw.
  6329 | D:9      | Noticed Joseph
  6344 | D:9      | Killed Joseph
  6358 | D:9      | Noticed Erolcha
  6362 | D:9      | Noticed Prince Ribbit
  6374 | D:9      | Reached ***** piety under Okawaru
  6378 | D:9      | HP: 2/139 [Erolcha/giant club (16)]
  6381 | D:9      | Killed from afar by Erolcha

Vault maps used:
D:1:      kennysheep_arrival_seaside
D:2:      nicolae_overflow_hidden_temple
D:3:      lemuel_upstairs_altar
D:4:      nicolae_overflow_crystal_walls, grunt_temple_overflow_open,
          first_ration, uniq_blork_the_orc
D:5:      led_sif_pool, hellmonk_ghost_happy_afterlife
D:6:      minmay_temple_entry_hall, trog_eyes_of_draining
D:7:      gammafunk_the_bubble
D:8:      kennysheep_mini, nicolae_dithmenos_through_a_glass_darkly,
          elyvilon_altar_1
D:9:      minmay_separated_statues, due_lair_maze_entry_diamond, uniq_erolcha,
          uniq_prince_ribbit1, uniq_joseph
Temple:   chequers_temple_sunken

Skill      XL: |  1  2  3  4  5  6  7  8  9 10 |
---------------+-------------------------------+-----
Fighting       | 4 5 6 7 8 9 |  9.9
Axes           | 3 4 5 6 7 8 9 |  9.5
Armour         | 4 5 7 8 9 |  9.0
Shields        | 4 5 7 8 9 |  9.1
Invocations    | 1 4 6 |  6.3

Action                   |  1- 3 |  4- 6 |  7- 9 | 10-12 || total
-------------------------+-------+-------+-------+-------++-------
Melee: War axe           |   119 |    68 |   269 |   111 ||   567
       Headbutt          |    19 |     8 |    69 |    26 ||   122
Invok: Heroism           |       |       |     1 |     1 ||     2
  Use: Potion            |       |     3 |     1 |     4 ||     8
       Scroll            |       |       |     1 |       ||     1
  Eat: Chunk             |     3 |     3 |     5 |     2 ||    13
       Ration            |       |       |     1 |     1 ||     2
Armor: Scale mail        |    59 |    11 |       |       ||    70
       Chain mail        |       |    18 |   121 |    45 ||   184
       Skin              |       |       |       |    27 ||    27
Dodge: Dodged            |    44 |    13 |    55 |    29 ||   141
Block: Shield            |    60 |    26 |   156 |    74 ||   316

Table legend:
 A = Non-vault XP
 B = Vault XP
 C = Vault XP percentage of total XP
 D = Non-vault monster count
 E = Vault monster count
 F = Vault count percentage of total count
                 A         B        C        D         E       F
            +---------+---------+-------+---------+---------+-------
      Total |    6764 |    1695 |  20.0 |     165 |      16 |   8.8
            +---------+---------+-------+---------+---------+-------
        D:1 |      38 |       0 |   0.0 |      25 |       0 |   0.0
        D:2 |      33 |       0 |   0.0 |      14 |       0 |   0.0
        D:3 |     142 |       0 |   0.0 |      21 |       0 |   0.0
        D:4 |     466 |      90 |  16.2 |      15 |       1 |   6.2
        D:5 |     468 |       0 |   0.0 |      12 |       0 |   0.0
        D:6 |     389 |     134 |  25.6 |       9 |       3 |  25.0
        D:7 |     854 |     720 |  45.7 |      25 |       9 |  26.5
        D:8 |    3503 |       0 |   0.0 |      34 |       0 |   0.0
        D:9 |     871 |     751 |  46.3 |      10 |       3 |  23.1
            +---------+---------+-------+---------+---------+-------
